 Dungeon Crawl Stone Soup version 0.28-a0-1080-g05a166d0ed (webtiles) character file.

Game seed: 5597365676661522704

716 Gwenloh the Insei (level 7, -7/45 HPs)
             Began as an Octopode Transmuter on Dec 10, 2021.
             Was a Follower of Cheibriados.
             Mangled by Edmund (8 damage)
             ... on level 5 of the Dungeon.
             The game lasted 00:10:03 (4167 turns).

Gwenloh the Insei (Octopode Transmuter)             Turns: 4167, Time: 00:10:03

Health: -7/45      AC:  1    Str: 11    XL:     7   Next: 69%
Magic:  6/10       EV: 14    Int: 17    God:    Cheibriados [*.....]
Gold:   181        SH:  0    Dex: 17    Spells: 4/10 levels left

rFire   . . .      SeeInvis .     - Unarmed
rCold   . . .      Faith    .   (no shield)
rNeg    . . .      Spirit   .   (helmet currently unavailable)
rPois   .          Reflect  .   (no amulet)
rElec   .          Harm     .   (no ring)
rCorr   .          Rampage  .   (no ring)
Will    .....                   (no ring)
Stlth   ++++......              (no ring)
HPRegen 0.15/turn               (no ring)
MPRegen 0.12/turn               (no ring)
                                (no ring)
                                (no ring)

@: appendages, wereblooded (expiring), very slow
A: tentacle spike 3, almost no armour, amphibious, 8 rings, camouflage 1,
gelatinous body 1, (nimble swimmer 1), tentacles
a: End Transformation, Renounce Religion, Bend Time


You were on level 5 of the Dungeon.
You worshipped Cheibriados.
Cheibriados was aware of your devotion.
One of your tentacles had grown a beastly spike.
You visited 1 branch of the dungeon, and saw 5 of its levels.

You collected 181 gold pieces.

Inventory:

Hand Weapons
 a - a +2 hunting sling of flaming
Missiles
 f - 128 stones
 i - 46 sling bullets
 m - 34 bolts
 o - 4 boomerangs
Scrolls
 d - 4 scrolls of noise {unknown}
 e - a scroll of teleportation {unknown}
 g - 4 scrolls of identify {unknown}
 h - a scroll of enchant weapon {unknown}
 j - a scroll of summoning {unknown}
Potions
 b - a potion of lignification {unknown}
 c - a potion of flight {unknown}
 k - a potion of might {unknown}
 l - a potion of heal wounds {unknown}
 n - a potion of curing {unknown}
 p - 2 potions of resistance {unknown}
 q - a potion of invisibility {unknown}


   Skills:
 + Level 2.1 Fighting
 + Level 3.7 Slings
 + Level 3.1 Dodging
 + Level 3.3 Stealth
 * Level 5.4 Unarmed Combat
 - Level 2.0 Spellcasting
 * Level 4.0 Transmutations


You had 4 spell levels left.
You knew the following spells:

 Your Spells              Type           Power      Damage    Failure   Level
a - Beastly Appendage     Tmut           30%        N/A       3%          1
b - Wereblood             Tmut           15%        N/A       5%          2
c - Spider Form           Tmut/Pois      8%         N/A       26%         3

Your spell library contained the following spells:

 Spells                   Type           Power      Damage    Failure   Level
 Ice Form                 Ice/Tmut       8%         N/A       63%         4


Dungeon Overview and Level Annotations

Branches:
Dungeon (5/15)
 Temple: D:4-7

Altars:
Cheibriados

Shops:
D:1 (   D:5 *

Annotations:
D:5 Edmund


Innate Abilities, Weirdness & Mutations

One of your tentacles has grown a beastly spike.
You cannot wear most types of armour.
You are amphibious.
You can wear up to eight rings at the same time.
Your skin changes colour to match your surroundings (Stealth+).
Your rubbery body absorbs attacks. (AC +1, EV +1)
((You are camouflaged near water. (Stealth+)))
You have tentacles for arms and can constrict up to eight enemies at once.


Message History

One of your tentacles grows a vicious spike.
Edmund barely misses you.
Really attack while wielding your +2 hunting sling of flaming? [Y]es or [N]o only, please.
Really attack while wielding your +2 hunting sling of flaming? [Y]es or [N]o only, please.
Really attack while wielding your +2 hunting sling of flaming? [Y]es or [N]o only, please.
Really attack while wielding your +2 hunting sling of flaming? [Y]es or [N]o only, please.
Really attack while wielding your +2 hunting sling of flaming? [Y]es or [N]o only, please.
Really attack while wielding your +2 hunting sling of flaming? [Y]es or [N]o only, please.
Really attack while wielding your +2 hunting sling of flaming? [Y]es or [N]o only, please.
Really attack while wielding your +2 hunting sling of flaming?
Okay, then.
Your +2 hunting sling of flaming stops flaming.
You are now empty-tentacled.
Your primal bloodlust is almost over.
You tentacle-slap Edmund but do no damage.
You grab Edmund.
You pierce Edmund, but do no damage.
You squeeze Edmund, but do no damage. You constrict Edmund, but do no damage.
Edmund closely misses you.
You tentacle-slap Edmund but do no damage.
You pierce Edmund, but do no damage.
You constrict Edmund, but do no damage.
Edmund hits you with a +2 dire flail of holy wrath!
You tentacle-slap Edmund. You squeeze Edmund!
Edmund is moderately wounded.
You constrict Edmund, but do no damage.
Edmund hits you with a +2 dire flail of holy wrath!
* * * LOW HITPOINT WARNING * * *
You bludgeon Edmund!
Edmund is heavily wounded.
You constrict Edmund, but do no damage. The flow of time bends around you.
Edmund resists with some effort.
You constrict Edmund, but do no damage.
Edmund hits you with a +2 dire flail of holy wrath!
You die...

# ..#...#...# #..
#####...# .(....
#...#...#...# ...... ###
#.....#.## S.....#
#...###...###.. ....#..
##.. .#.###.#...
.....((###.# #...#...#..
.≈...§...@.#####...#...###
.........@)#...#...#...#..
...∩.....)#.....#.###.#...
..........##...###...###..
.≈...#......#####.......##
..............# ##......<.
##............# #........
#.............# #........
#..............# #........
..............# ##.......


You could see Edmund.

Vanquished Creatures
  Eustachio (D:5)
  2 ice beasts
  A black bear (D:4)
  A scorpion (D:4)
  A howler monkey (D:4)
  A bullfrog skeleton (D:4)
  An iguana (D:5)
  2 orc wizards (D:5)
  4 adders
  2 adder skeletons (D:4)
  A dart slug (D:4)
  6 orcs
  4 ball pythons
  5 bats
  7 endoplasms
  5 giant cockroaches
  4 hobgoblins
  4 kobolds
  A frilled lizard (D:2)
  5 goblins
  13 rats
71 creatures vanquished.

Notes
Turn   | Place    | Note
-------+----------+-------------------------------------------
     0 | D:1      | Gwenloh the Octopode Transmuter began the quest for the
                  | Orb.
     0 | D:1      | Reached XP level 1. HP: 13/13 MP: 3/3
    24 | D:1      | Found a faded altar of an unknown god.
   114 | D:1      | Found Heuriestergh's Weapon Shop.
   144 | D:1      | Reached XP level 2. HP: 18/18 MP: 5/5
   800 | D:2      | Reached XP level 3. HP: 14/23 MP: 4/6
   986 | D:2      | Learned a level 2 spell: Wereblood
  1342 | D:2      | Reached skill level 1 in Stealth
  1346 | D:2      | Found a snail-covered altar of Cheibriados.
  1355 | D:2      | Became a worshipper of Cheibriados the Contemplative
  1480 | D:2      | Reached skill level 4 in Unarmed Combat
  1961 | D:3      | Noticed an ice beast
  1970 | D:3      | Killed an ice beast
  1971 | D:3      | Reached XP level 4. HP: 20/28 MP: 5/7
  1971 | D:3      | Reached XP level 5. HP: 23/33 MP: 5/8
  1975 | D:3      | Learned a level 3 spell: Spider Form
  2798 | D:4      | Reached skill level 1 in Slings
  2798 | D:4      | Reached XP level 6. HP: 19/38 MP: 7/9
  3095 | D:4      | Noticed an ice beast
  3107 | D:4      | Killed an ice beast
  3110 | D:4      | Reached * piety under Cheibriados
  3111 | D:4      | Reached skill level 5 in Unarmed Combat
  3623 | D:5      | Entered Level 5 of the Dungeon
  3623 | D:5      | Noticed a black bear
  3624 | D:5      | Noticed Eustachio
  3635 | D:4      | Killed a black bear
  3636 | D:4      | Reached XP level 7. HP: 26/44 MP: 8/10
  3771 | D:5      | Killed Eustachio
  4128 | D:5      | Found Qyakuora's Elemental Accessories.
  4157 | D:5      | Noticed Edmund
  4165 | D:5      | HP: 1/45 [Edmund (13)]
  4167 | D:5      | Mangled by Edmund

Illustrated notes

Levels and vault maps discovered:
D:1:      psy_arrival_whirlpool, layout_basic, serial_shops, shop,
          basic_ecumenical_altar, amethyst_killhole,
          minmay_misc_feat_more_columns, nicolae_concentric_dashed_squares_wild,
          minmay_rat_gold_closets
D:2:      layout_loops_corners, basic_altar
D:3:      layout_loops_corners, kennysheep_generic_room_8
D:4:      layout_cave_pools
D:5:      nicolae_cairo_tiling, layout_cave_pods,
          gammafunk_temple_overflow_claw, minmay_shop_enchanted_jewellery,
          nicolae_elemental_shop, uniq_eustachio, uniq_edmund

Skill      XL: |  1  2  3  4  5  6  7 |
---------------+----------------------+-----
Stealth        | 2 3 |  3.3
Unarmed Combat | 4 5 |  5.4
Slings         | 1 3 |  3.7
Transmutations | 3 4 |  4.0
Fighting       | 2 |  2.1
Dodging        | 3 |  3.1
Spellcasting   | |  2.0

Action                   |  1- 3 |  4- 6 |  7- 9 || total
-------------------------+-------+-------+-------++-------
Melee: Unarmed           |    59 |    43 |    17 ||   119
       Constrict         |    16 |    10 |     6 ||    32
       Tentacles         |     7 |     9 |     5 ||    21
       Punch             |     2 |       |     1 ||     3
       Kick              |     1 |    14 |    11 ||    26
 Fire: Hunting sling     |    20 |    37 |     8 ||    65
 Cast: Beastly Appendage |     6 |     7 |     4 ||    17
       Wereblood         |       |     3 |     1 ||     4
Invok: Bend Time         |       |       |     2 ||     2
 Stab: Sleeping          |    11 |       |       ||    11
Armor: Skin              |     4 |     7 |       ||    11
Dodge: Dodged            |    32 |    31 |    14 ||    77

Table legend: (Time is in decaauts)
 A = Elapsed time spent in this place.
 B = Non-inter-level travel time spent in this place.
 C = Inter-level travel time spent in this place.
 D = Time resting spent in this place.
 E = Time spent auto-exploring this place.
 F = Levels seen in this place.
 G = Mean time per level.
                   A        B        C        D        E       F      G
               +--------+--------+--------+--------+--------+-----+--------+
         Total |   4690 |   4538 |    152 |    288 |   3679 |   5 |  938.0 |
       Dungeon |   4690 |   4538 |    152 |    288 |   3679 |   5 |  938.0 |
               +--------+--------+--------+--------+--------+-----+--------+

Top non-repeatable levels by time:
     D:3: 1310 daAuts
     D:4: 1178 daAuts
     D:2: 951 daAuts
     D:1: 776 daAuts
     D:5: 473 daAuts
